 Dungeon Crawl Stone Soup version 0.27.0-1-g7a089689b8 (webtiles) character file.

Game seed: 4244928500715911883

66 Smaepdii the Poker (level 4, -9/35 HPs)
             Began as a Merfolk Gladiator on Aug 11, 2021.
             Killed by divine providence
             ... invoked by an orc priest
              (13 damage)
             ... on level 2 of the Dungeon.
             The game lasted 00:04:42 (1202 turns).

Smaepdii the Poker (Merfolk Gladiator)              Turns: 1202, Time: 00:04:42

Health: -9/35      AC:  7    Str: 14    XL:     4   Next: 15%
Magic:  4/4        EV: 13    Int: 13    God:
Gold:   19         SH:  0    Dex: 16    Spells: 3/3 levels left

rFire    . . .     SeeInvis .   a - +0 trident
rCold    . . .     Faith    .   (no shield)
rNeg     . . .     Spirit   .   b - +0 leather armour
rPois    .         Reflect  .   c - +0 helmet
rElec    .         Harm     .   (no cloak)
rCorr    .         Rampage  .   h - +0 pair of gloves
Will     .....                  m - +1 pair of boots
Stlth    +.........             (no amulet)
HPRegen  0.11/turn              l - +6 ring of intelligence
MPRegen  0.09/turn              (no ring)

@: no status effects
A: (nimble swimmer 2), mertail
a: no special abilities


You were on level 2 of the Dungeon.
You visited 1 branch of the dungeon, and saw 2 of its levels.

You collected 19 gold pieces.

Inventory:

Hand Weapons
 a - a +0 trident (weapon)
Missiles
 d - 3 throwing nets (quivered)
Armour
 b - a +0 leather armour (worn)
 c - a +0 helmet (worn)
 h - a +0 pair of gloves (worn)
 m - a +1 pair of boots (worn)
Jewellery
 l - a +6 ring of intelligence (left hand)
Scrolls
 e - a scroll of enchant armour {unknown}
 g - a scroll of silence {unknown}
 i - a scroll of teleportation {unknown}
 j - a scroll of magic mapping {unknown}
Potions
 f - a potion of magic {unknown}
 k - a potion of heal wounds {unknown}


   Skills:
 + Level 3.0 Fighting
 * Level 5.9 Polearms
 - Level 2.0 Throwing
 + Level 4.7 Dodging


You had 3 spell levels left.
You didn't know any spells.
Your spell library was empty.

Dungeon Overview and Level Annotations

Branches:
Dungeon (2/15)

Altars:


Innate Abilities, Weirdness & Mutations

((You are quick and stealthy near water. (Stealth+, EV+, Speed+++)))
Your lower body shifts to a powerful aquatic tail in water.


Message History

Press: ? - help, Dir - move target, f/p - orc priest
Aim: an orc priest, wielding a +0 mace and wearing a +0 leather armour (heavily wounded, about 38% to evade your +0 trident)
You reach to attack!
You hit the orc priest.
The orc priest is severely wounded.
Something barely misses you.
Reach: a) +0 trident
Press: ? - help, Dir - move target, f/p - orc priest
Aim: an orc priest, wielding a +0 mace and wearing a +0 leather armour (severely wounded, about 38% to evade your +0 trident)
Something you can't see is in the way.
You closely miss something.
You hear some strange, mumbled words.
A magic dart appears from out of thin air!
The magic dart hits you.
* * * LOW HITPOINT WARNING * * *
Reach: a) +0 trident
Press: ? - help, Dir - move target, f/p - orc priest
Aim: an orc priest, wielding a +0 mace and wearing a +0 leather armour (severely wounded, about 38% to evade your +0 trident)
Something you can't see is in the way.
You miss something.
You hear some strange, mumbled words.
Something tries to affect you, but you resist.
Reach: a) +0 trident
Press: ? - help, Dir - move target, f/p - orc priest
Aim: an orc priest, wielding a +0 mace and wearing a +0 leather armour (severely wounded, about 38% to evade your +0 trident)
You reach to attack!
You hit the orc priest.
The orc priest is almost dead.
Something hits you but does no damage.
Reach: a) +0 trident
Press: ? - help, Dir - move target, f/p - orc priest
Aim: an orc priest, wielding a +0 mace and wearing a +0 leather armour (almost dead, about 38% to evade your +0 trident)
You reach to attack!
You closely miss the orc priest.
The orc priest is almost dead.
Something hits you but does no damage.
The orc priest begins to cast a cantrip, but forgets the words!
Reach: a) +0 trident
Press: ? - help, Dir - move target, f/p - orc priest
Aim: an orc priest, wielding a +0 mace and wearing a +0 leather armour (almost dead, about 38% to evade your +0 trident)
Something you can't see is in the way.
You closely miss something. Something hits you but does no damage.
The orc priest mumbles some strange prayers to Beogh against you.
Beogh smites you!
You die...

##########
#.......<#
#.##.#####.#
#o{@....#
#.#######
#.# #.# #o#
#.# #o# #.#
#.#


You could see an orc priest.

Vanquished Creatures
  An orc wizard (D:2)
  A dart slug (D:1)
  An orc (D:2)
  4 endoplasms (D:1)
  2 giant cockroaches (D:1)
  3 goblins (D:1)
  5 hobgoblins (D:1)
  3 jackals (D:1)
  4 kobolds (D:1)
  A quokka (D:1)
  3 ball pythons (D:1)
  3 bats (D:1)
  2 frilled lizards (D:1)
  2 rats (D:1)
35 creatures vanquished.

Notes
Turn   | Place    | Note
-------+----------+-------------------------------------------
     0 | D:1      | Smaepdii the Merfolk Gladiator began the quest for the Orb.
     0 | D:1      | Reached XP level 1. HP: 16/16 MP: 1/1
    19 | D:1      | Found a faded altar of an unknown god.
    79 | D:1      | Reached XP level 2. HP: 17/23 MP: 2/2
   250 | D:1      | Reached skill level 5 in Polearms
   525 | D:1      | Reached XP level 3. HP: 21/24 MP: 3/3
  1190 | D:2      | Reached XP level 4. HP: 8/35 MP: 4/4
  1202 | D:2      | Killed from afar by an orc priest

Illustrated notes

Levels and vault maps discovered:
D:1:      nzn_arrival_crosshair, layout_basic,
          hellmonk_ecumenical_altar_run_dry, st_stairs_6
D:2:      layout_basic, minivault_25

Skill      XL: |  1  2  3 |
---------------+----------+-----
Polearms       | 5 |  5.9
Fighting       | 3 |  3.0
Throwing       | |  2.0
Dodging        | |  4.7

Action                   |  1- 3 |  4- 6 || total
-------------------------+-------+-------++-------
Melee: Trident           |    73 |    13 ||    86
 Stab: Sleeping          |     1 |       ||     1
Armor: Leather armour    |     9 |     3 ||    12
Dodge: Dodged            |    36 |     4 ||    40
